Map: Ascension to Aiur LE

Players

IllIIIllIIIl

  • Race: Terran Terran
  • Spawn Location: 5:00

A.I. 1 (Elite) - Winner!

  • Race: Zerg Zerg
  • Spawn Location: 11:00

VOD

Have the link to the VOD?

Description

Time

  • Played on: Dec. 25, 2017, 7:54 a.m.
  • Length: 10:15
Show
View Real Time Build Order
Export as new Build Order

IllIIIllIIIl Terran 

Build Orders: Reaper Expand, Bio Tank 

Get SALT Encoding   

  12  0:01  SCV  
  13  0:13  SCV  
  14  0:17  Supply Depot  
  14  0:25  SCV  
  15  0:39  SCV  
  15  0:40  Barracks  
  16  0:46  Refinery  
  16  0:51  SCV  
  17  1:03  SCV  
  18  1:15  SCV  
  19  1:30  Reaper, Orbital Command  
  20  1:42  Command Center  
  20  1:56  SCV  
  21  2:02  Barracks  
  21  2:03  Barracks Reactor  
  21  2:07  Refinery  
  21  2:08  SCV  
  22  2:14  Supply Depot  
  22  2:20  SCV  
  23  2:35  SCV  
  24  2:40  Factory  
  24  2:42  Marine x2  
  26  2:47  SCV  
  26  2:49  Barracks Tech Lab  
  27  2:56  Orbital Command  
  27  2:59  SCV  
  28  3:08  Marine  
  28  3:09  Marine x2  
  28  3:12  SCV  
  32  3:18  Stimpack  
  32  3:24  SCV  
  32  3:25  Starport  
  32  3:26  Marine  
  34  3:28  Factory Reactor  
  34  3:31  SCV  
  35  3:36  SCV  
  36  3:43  SCV  
  36  3:46  Supply Depot  
  36  3:48  SCV  
  38  3:55  Marine x2, SCV  
  39  3:56  Marine  
  39  4:00  SCV  
  43  4:07  SCV  
  43  4:09  Supply Depot  
  44  4:13  Marine x3  
  44  4:15  SCV  
  44  4:16  Medivac x2  
  44  4:17  Factory Tech Lab  
  52  4:19  SCV  
  53  4:28  SCV  
  53  4:31  Supply Depot, Marine x3, SCV  
  54  4:35  Engineering Bay x2  
  58  4:40  SCV  
  58  4:44  SCV  
  60  4:49  Marine x2  
  60  4:52  Marine, SCV  
  64  4:53  Supply Depot  
  64  4:56  SCV  
  65  5:02  Command Center  
  65  5:07  SCV  
  65  5:08  Refinery, SCV  
  65  5:09  Refinery  
  65  5:13  Marine x2  
  69  5:14  Marine  
  69  5:15  Supply Depot  
  69  5:19  Combat Shields  
  71  5:21  SCV x2  
  71  5:27  Terran Infantry Armor Level 1, Terran Infantry Weapons Level 1  
  72  5:29  Siege Tank  
  72  5:34  SCV x2  
  77  5:40  Marine x3  
  77  5:42  Medivac  
  78  5:44  Medivac  
  78  5:48  SCV  
  78  5:49  SCV  
  81  6:05  Barracks  
  81  6:06  Barracks  
  81  6:08  Barracks x2  
  81  6:09  SCV x2  
  80  6:11  Siege Tank  
  80  6:12  Marine x3  
  80  6:17  Orbital Command  
  84  6:26  Factory  
  84  6:27  Armory  
  84  6:31  SCV x2  
  81  6:42  Marine x2  
  81  6:43  Marine  
  81  6:44  Siege Tank  
  81  6:46  Medivac x2  
  90  6:50  SCV x2  
  90  6:52  Supply Depot  
  92  6:55  Supply Depot  
  92  7:00  Barracks Reactor x3  
  92  7:02  SCV x2, Barracks Reactor  
  92  7:03  Orbital Command  
  94  7:09  Marine x3  
  94  7:14  SCV  
  94  7:15  SCV  
  99  7:25  Factory Tech Lab, Siege Tank  
  99  7:26  Medivac  
  99  7:27  Marine x3  
  107  7:30  SCV x2  
  107  7:31  Refinery  
  107  7:34  SCV  
  107  7:35  Refinery  
  110  7:38  Supply Depot  
  110  7:39  Supply Depot  
  110  7:42  SCV  
  110  7:43  Marine  
  110  7:44  Marine x4  
  112  7:45  Terran Infantry Weapons Level 2  
  116  7:53  SCV  
  116  7:57  Terran Infantry Armor Level 2  
  117  8:00  SCV x2  
  117  8:02  Supply Depot  
  117  8:05  Supply Depot, SCV  
  120  8:08  Marine x10  
  120  8:10  Marine  
  120  8:12  SCV x2  
  133  8:24  Siege Tank x2  
  133  8:25  Supply Depot, Marine  
  140  8:28  Supply Depot  
  140  8:29  Marine  
  140  8:30  Marine x8  
  140  8:33  Supply Depot x2  
  149  8:39  Marine  
  149  8:41  Medivac x2  
  152  8:43  Marine  
  152  8:47  Marine  
  152  8:48  Marine x7  
  161  8:53  Command Center  
  163  9:01  Marine  
  163  9:02  Marine x2  
  166  9:05  Marine  
  166  9:06  Marine x5  
  166  9:08  Siege Tank  
  166  9:09  Siege Tank  
  178  9:12  Marine  
  178  9:13  Marine  
  178  9:16  Medivac  
  182  9:17  Unknown  
  182  9:18  Unknown  
  182  9:19  Marine x2  
  182  9:24  Supply Depot  
  182  9:25  Supply Depot  
  182  9:30  Marine x6  
  182  9:31  Marine x3  
  179  9:37  Marine  
  178  9:51  Marine  
  178  9:52  Marine x9  
  187  9:55  Marine  
  187  9:57  Unknown  
Show
View Real Time Build Order
Export as new Build Order

A.I. 1 (Elite) Zerg - Winner!

Build Orders: Pool First 

Get SALT Encoding   

  12  0:00  Drone  
  13  0:12  Overlord  
  13  0:17  Drone  
  14  0:30  Drone x2  
  16  0:42  Spawning Pool  
  16  0:45  Drone  
  17  0:50  Drone  
  17  1:12  Hatchery  
  17  1:15  Drone  
  17  1:18  Extractor  
  17  1:20  Drone  
  17  1:24  Drone  
  18  1:29  Drone  
  19  1:38  Overlord  
  19  1:49  Drone  
  19  1:52  Queen  
  22  1:59  Zergling x2  
  23  2:10  Drone  
  24  2:21  Drone  
  25  2:27  Roach Warren  
  25  2:28  Queen  
  26  2:34  Zergling x2  
  26  2:37  Drone  
  26  2:42  Extractor  
  26  2:43  Drone  
  27  2:49  Overlord  
  27  2:53  Drone  
  27  2:57  Drone  
  28  3:01  Drone  
  28  3:04  Drone  
  30  3:07  Zergling x2  
  30  3:11  Drone  
  31  3:15  Drone  
  31  3:18  Zergling x2  
  33  3:21  Zergling x2  
  33  3:26  Roach  
  36  3:31  Roach  
  38  3:35  Roach  
  38  3:38  Zergling x2  
  40  3:42  Roach  
  40  3:45  Drone  
  40  3:48  Drone  
  44  3:53  Overlord  
  43  4:04  Lair  
  43  4:11  Drone x2, Zergling x2  
  43  4:14  Drone  
  47  4:19  Overlord  
  47  4:21  Drone  
  47  4:23  Drone  
  49  4:26  Drone  
  49  4:28  Drone  
  51  4:37  Zergling x4, Drone x2  
  55  4:39  Zergling x2  
  55  4:43  Overlord  
  56  4:49  Roach  
  58  4:55  Overlord  
  58  5:01  Roach, Drone x2  
  62  5:07  Hydralisk Den  
  62  5:08  Drone  
  62  5:21  Overlord  
  62  5:23  Drone  
  62  5:25  Drone  
  62  5:26  Drone  
  62  5:28  Drone  
  66  5:29  Drone  
  66  5:35  Drone  
  67  5:36  Drone x2  
  67  5:37  Lurker Den, Hydralisk  
  67  5:38  Hydralisk x3  
  67  5:39  Infestation Pit  
  68  5:42  Zergling x2  
  68  5:45  Roach  
  68  5:47  Zergling x2  
  68  5:49  Roach  
  62  5:51  Roach  
  64  5:59  Extractor  
  64  6:00  Overlord  
  64  6:01  Overlord  
  62  6:09  Extractor  
  54  6:15  Zergling x4  
  54  6:16  Infestor  
  54  6:17  Roach  
  54  6:18  Roach  
  54  6:22  Overlord  
  49  6:28  Roach  
  49  6:32  Baneling Nest  
  43  6:33  Roach  
  43  6:38  Roach  
  47  6:41  Hydralisk  
  47  6:42  Roach, Drone  
  47  6:45  Zergling x2  
  53  6:49  Hydralisk  
  55  6:55  Drone  
  55  7:00  Drone  
  57  7:05  Drone  
  58  7:11  Drone  
  58  7:14  Overlord  
  58  7:15  Roach, Drone  
  62  7:16  Baneling, Drone, Overseer  
  63  7:23  Drone  
  63  7:27  Drone  
  65  7:33  Drone  
  66  7:37  Overlord  
  66  7:40  Baneling x2  
  66  7:41  Baneling  
  66  7:42  Baneling  
  66  7:44  Baneling, Infestor  
  66  7:45  Drone, Zergling x2, Evolution Chamber  
  66  7:48  Zergling x2  
  70  7:52  Hatchery  
  70  7:56  Roach  
  71  8:02  Drone  
  72  8:05  Baneling  
  72  8:06  Zergling x2  
  72  8:10  Drone  
  74  8:13  Zerg Ground Armor Level 1  
  74  8:17  Roach, Zergling x2, Drone  
  74  8:18  Overlord  
  78  8:20  Drone  
  79  8:29  Drone  
  79  8:31  Drone  
  81  8:36  Ravager  
  81  8:37  Evolution Chamber  
  81  8:38  Ravager  
  81  8:39  Overlord  
  82  8:42  Drone  
  83  8:48  Hydralisk  
  83  8:49  Roach, Drone  
  83  8:52  Roach, Infestor  
  92  9:02  Overlord  
  92  9:03  Roach, Zergling x2  
  92  9:04  Baneling  
  89  9:13  Drone  
  89  9:14  Zergling x2, Drone  
  91  9:20  Zergling x4, Drone  
  90  9:25  Roach, Drone x2  
  76  9:32  Baneling  
  76  9:35  Roach, Hydralisk  
  66  9:44  Overseer  
  60  9:50  Roach  
  58  9:52  Roach, Drone  
Tags
 
Add a new tag
Caveats
  • Supply blocks, unpowered buildings, or Contaminate may cause inaccurate times.
  • Supply counts are checked every 10 seconds.